 Dungeon Crawl Stone Soup version 0.23.0-3-gf3c87f2df8 (webtiles) character file.

Game seed: 13629253641332664125

60060 LLavrengius the Fighter (level 14, -5/108 HPs)
             Began as an Octopode Earth Elementalist on Feb 24, 2019.
             Was an Initiate of Gozag.
             Slain by a ten-headed hydra (16 damage)
             ... on level 13 of the Dungeon.
             The game lasted 01:44:02 (20928 turns).

LLavrengius the Fighter (OpEE)                     Turns: 20928, Time: 01:44:03

Health: -5/108     AC:  4    Str:  7    XL:     14   Next: 97%
Magic:  31/38      EV: 14    Int: 17    God:    Gozag
Gold:   1353       SH:  0    Dex: 16    Spells: 22/36 levels left

rFire    + . .     SeeInvis +   D - +11 hand axe of Wisdom {elec, rN+ Int-4 Dex+2 SInv}
rCold    . . .     Gourm    .   (no shield)
rNeg     + + +     Faith    .   (helmet restricted)
rPois    .         Spirit   .   m - amulet of regeneration
rElec    .         Reflect  .   e - +3 ring of protection
rCorr    .         Harm     .   g - ring of protection from magic
MR       ++...                  n - ring of protection from cold
Stlth    ++++......             G - ring of positive energy
HPRegen  0.68/turn              E - ring of Gooquod {rN+ Stlth+}
MPRegen  0.26/turn              Y - ring of magical power
                                W - ring of fire
                                (no ring)

@: no status effects
A: almost no armour, stealthy swim, amphibious, 8 rings, constrict 8, camouflage
1, gelatinous body 1
a: Potion Petition, Call Merchant, Bribe Branch, Renounce Religion


You were on level 13 of the Dungeon.
You worshipped Gozag.
Gozag was most pleased with you.
You were not hungry.

You visited 4 branches of the dungeon, and saw 22 of its levels.
You visited the Abyss 1 time.
You also visited: Sewer.

You collected 5850 gold pieces.
You spent 1125 gold pieces at shops.
You paid 3372 gold pieces to Gozag.

Inventory:

Hand Weapons
 r - a +0 trident
 D - the +11 hand axe of Wisdom (weapon) {elec, rN+ Int-4 Dex+2 SInv}
   (You found it on level 6 of the Dungeon)

   Occasionally, upon striking a foe, it will discharge some electrical energy
   and cause terrible harm.
   It affects your intelligence (-4).
   It affects your dexterity (+2).
   It protects you from negative energy.
   It lets you see invisible.
 H - a +0 hand crossbow
 J - a +0 glaive
 S - a +1 blowgun
Missiles
 b - 492 stones (quivered)
 v - 58 sling bullets
 w - 11 curare-tipped needles
 y - 49 tomahawks
 T - 77 poisoned needles
Armour
 N - a +3 large shield of protection
Magical Staves
 q - an uncursed staff of earth
Jewellery
 e - a +3 ring of protection (left tentacle)
 g - a ring of protection from magic (right tentacle)
 m - an amulet of regeneration (around mantle)
 n - a ring of protection from cold (on tentacle)
 s - an uncursed amulet of guardian spirit
 E - the ring of Gooquod (on tentacle) {rN+ Stlth+}
   (You bought it in a shop on level 9 of the Dungeon)

   [ring of stealth]

   It protects you from negative energy.
   It makes you more stealthy.
 G - a ring of positive energy (on tentacle)
 L - an uncursed ring of protection from cold
 W - a ring of fire (on tentacle)
 Y - a ring of magical power (on tentacle)
Wands
 a - a wand of flame (12)
 O - a wand of iceblast (14)
 P - a wand of disintegration (38)
 V - a wand of digging (7)
Scrolls
 d - 16 scrolls of teleportation
 i - 3 scrolls of magic mapping
 k - 8 scrolls of remove curse
 o - 8 scrolls of identify
 t - 5 scrolls of amnesia
 u - 4 scrolls of fear
 x - 2 scrolls of enchant armour
 A - 2 scrolls of immolation
 B - 6 scrolls of enchant weapon
 I - 5 scrolls of fog
 R - a scroll of blinking
Potions
 f - 3 potions of flight
 h - 5 potions of magic
 j - 6 potions of degeneration
 l - 3 potions of curing
 p - 6 potions of might
 z - a potion of invisibility
 F - 4 potions of haste
 K - 2 potions of brilliance
 M - 3 potions of lignification
 Q - 4 potions of cancellation
 U - 2 potions of agility
 Z - a potion of berserk rage
Miscellaneous
 X - a lightning rod (4/4)
Comestibles
 c - 9 rations


   Skills:
 + Level 14.7 Fighting
 - Level 12.0 Axes
 - Level 2.0 Dodging
 - Level 2.6 Stealth
 + Level 11.7 Spellcasting
 - Level 5.0 Hexes
 - Level 7.0 Necromancy
 - Level 1.0 Transmutations
 - Level 9.0 Earth Magic


You had 22 spell levels left.
You knew the following spells:

 Your Spells              Type           Power        Failure   Level  Hunger
a - Sandblast             Erth           #####.       1%          1    None
b - Passwall              Tmut/Erth      ####....     1%          2    None
c - Lee's Rapid Deconstr  Erth           #####.....   4%          5    #####..
d - Confusing Touch       Hex            ####..       1%          1    None
e - Borgnjor's Vile Clut  Necr/Erth      #####.....   8%          5    #####..

Your spell library contained the following spells:

 Spells                   Type           Power        Failure   Level  Hunger
 Animate Skeleton         Necr           N/A          1%          1    None
 Stone Arrow              Conj/Erth      ####..       3%          3    None
 Animate Dead             Necr           N/A          4%          4    ##.....
 Apportation              Tloc           #.....       7%          1    None
 Summon Small Mammal      Summ           #...         7%          1    None
 Petrify                  Tmut/Erth      ####....     9%          4    ##.....
 Swiftness                Chrm/Air       #.......     11%         2    None
 Recall                   Summ/Tloc      N/A          22%         3    None
 Death Channel            Necr           ####......   52%         6    ######.
 Passage of Golubria      Tloc           N/A          56%         4    ##.....
 Summon Mana Viper        Hex/Summ       ###.....     56%         5    #####..
 Darkness                 Hex            ####......   80%         6    ######.
 Invisibility             Hex            ####....     80%         6    ######.
 Aura of Abjuration       Summ           #.........   89%         5    #####..
 Summon Demon             Summ           #.........   89%         5    #####..
 Summon Forest            Summ/Tloc      #.........   89%         5    #####..
 Simulacrum               Ice/Necr       ###.......   95%         6    ######.
 Shadow Creatures         Summ           N/A          100%        6    ######.


Dungeon Overview and Level Annotations

Branches:
Dungeon (13/15)            Temple (1/1) D:7            Lair (6/6) D:8
  Swamp (0/4) Lair:2       Spider (0/4) Lair:3        Slime (0/5) Lair:5
    Orc (2/2) D:11            Elf (0/3) Orc:2        Vaults (0/5) D:13

Altars:
Ashenzari
Cheibriados
Dithmenos
Elyvilon
Fedhas
Gozag
Hepliaklqana
Kikubaaqudgha
Makhleb
Nemelex Xobeh
Okawaru
Qazlal
Trog
Uskayaw
Vehumet
Wu Jian
Xom
Yredelemnul
Zin
The Shining One
Jiyva

Shops:
D:8 ?   D:9 *   D:11 }   D:12 %   Orc:2 [*:?

Portals:
Pandemonium: Orc:2

Annotations:
D:4 1 runed translucent door


Innate Abilities, Weirdness & Mutations

You cannot wear most types of armour.
You are very stealthy in the water. (Stealth+)
You are amphibious.
You can wear up to eight rings at the same time.
You can use your tentacles to constrict eight enemies at once.
Your skin changes colour to match your surroundings (Stealth+).
Your rubbery body absorbs attacks. (AC +1, EV +1)


Message History

* * * LOW HITPOINT WARNING * * *
Casting: Sandblast (safe; 1% risk of failure)
Confirm with . or Enter, or press ? or * to list all spells.
Aiming: Sandblast (safe; 1% risk of failure)
Press: ? - help, Shift-Dir - straight line, f/p - ten-headed hydra
Aim: a ten-headed hydra (almost dead)
The blast of sand hits the ten-headed hydra.
The ten-headed hydra is almost dead.
b - 492 stones The ten-headed hydra closely misses you.
The ten-headed hydra bites you!
* * * LOW HITPOINT WARNING * * *
The ten-headed hydra barely misses you. The ten-headed hydra misses you.
The ten-headed hydra bites you but does no damage.
The ten-headed hydra barely misses you. The ten-headed hydra bites you.
* * * LOW HITPOINT WARNING * * *
The ten-headed hydra barely misses you. The ten-headed hydra misses you.
The ten-headed hydra bites you!
You die...
Your body crumbles into a pile of gold.

.....#.#****.***,*,,,,,#.#.......
.....#*,,*,.*,,*,*#####*,#.#.#.#.
.....#*,*#.#**,*,,....,,,#.......
.....#####.###*#####.#########.##
..............,#.........#.......
....##......>.,#....♣....#.......
...##.........,#.....♣...#.).....
.....#.........#♣.♣.♣.P..#.......
)...##.#..#....D@♣.P⌠P...........
....#.###.#....#♣.P...P.♣#.......
..............,#.♣...P.♣.#.......
..##.........,,#..P..♣...#.......
...............#.♣....♣.♣#.......
...#...#...##..#####.#####.......
...###.#....#....................
..###............................
..........#......................


You could see a ten-headed hydra.

Vanquished Creatures
  4 hydras
  An ice dragon (Lair:4)
  2 two-headed ogres
  8 orc high priests (Orc:2)
  A queen ant (Lair:2)
  Sonja (D:12)
  A sun demon (Orc:2)
  A sixfirhy (Orc:2)
  A torturous demonspawn (Orc:2)
  A skeletal warrior (D:10)
  An infernal demonspawn (Orc:2)
  5 orc knights
  4 orc sorcerers
  4 ugly things (D:13)
  An oklob plant (Lair:4)
  A cyclops (D:13)
  A manticore (D:13)
  3 elephants (Lair:3)
  4 black mambas
  A black mamba (shapeshifter) (D:13)
  An orange demon (Orc:2)
  A gargoyle (D:11)
  A smoke demon (Orc:2)
  12 spiny frogs
  A rime drake (Lair:6)
  A hellwing (Orc:2)
  5 komodo dragons
  A polar bear (Lair:5)
  5 trolls
  Prince Ribbit (D:8)
  A jumping spider (Lair:3)
  2 slime creatures (D:13)
  3 hippogriffs
  6 blink frogs
  2 starcursed masses (Abyss:2)
  A shadow (D:13)
  2 wraiths
  A spriggan (D:7)
  A wyvern (Lair:5)
  A golden eye (shapeshifter) (D:13)
  49 yaks
  4 basilisks
  A human (shapeshifter) (D:13)
  Grum (D:8)
  4 hungry ghosts
  4 vampire mosquitoes
  A steam dragon (D:10)
  A warg (Orc:2)
  13 water moccasins
  2 porcupines
  20 soldier ants (Lair:2)
  2 necrophages
  Purgy (Sewer)
  3 ice beasts
  32 orc warriors
  4 sky beasts
  A black bear (Lair:2)
  3 phantoms
  An eye of draining (D:11)
  7 ogres
  14 centaurs
  6 wolves
  11 crocodiles
  5 big kobolds
  20 bullfrogs
  A wyvern skeleton (D:4)
  5 scorpions
  A wight (D:13)
  9 howler monkeys
  3 electric eels (Lair:1)
  6 crimson imps
  2 bullfrog zombies
  4 quasits
  9 hounds
  2 centaur zombies
  16 orc priests
  5 centaur skeletons
  6 jellies
  12 orc wizards
  A bullfrog skeleton (D:11)
  3 iguanas
  23 worker ants
  A hound zombie (D:5)
  A hound skeleton (D:8)
  A howler monkey zombie (D:8)
  A howler monkey skeleton (D:9)
  9 adders
  A shadow imp (D:11)
  2 white imps (Lair:4)
  19 oozes
  2 adder skeletons
  2 worms
  6 leopard geckos
  78 orcs
  3 ball pythons
  13 bats
  8 giant cockroaches
  7 goblins
  11 hobgoblins
  11 jackals
  7 quokkas
  12 frilled lizards
  A jackal skeleton (D:4)
  20 kobolds
  A leopard gecko zombie (D:5)
  A quokka skeleton (D:9)
  12 rats
  A bush (Lair:5)
  9 fungi
653 creatures vanquished.

Vanquished Creatures (others)
  A bush (Lair:5)
  13 fungi
  16 plants
30 creatures vanquished.

Grand Total: 683 creatures vanquished

Notes
Turn   | Place    | Note
-------+----------+-------------------------------------------
     0 | D:1      | LLavrengius the Octopode Earth Elementalist began the quest
                  | for the Orb.
     0 | D:1      | Reached XP level 1. HP: 11/11 MP: 3/3
   425 | D:1      | Reached XP level 2. HP: 16/17 MP: 5/5
   751 | D:1      | Reached XP level 3. HP: 21/21 MP: 7/7
  1247 | D:2      | Found a snail-covered altar of Cheibriados.
  1247 | D:2      | Found a hazy altar of Hepliaklqana.
  1247 | D:2      | Found a shadowy altar of Dithmenos.
  1247 | D:2      | Found a basalt altar of Yredelemnul.
  1489 | D:2      | Reached skill level 1 in Fighting
  1698 | D:2      | Reached XP level 4. HP: 28/28 MP: 6/8
  1717 | D:2      | Learned a level 2 spell: Passwall
  1777 | D:3      | Found an ancient bone altar of Kikubaaqudgha.
  1845 | D:3      | Reached skill level 2 in Fighting
  2000 | D:3      | Found a glowing silver altar of Zin.
  2071 | D:3      | Found a glowing drain.
  2076 | D:3      | Reached XP level 5. HP: 28/34 MP: 9/9
  2096 | Sewer    | Entered a sewer
  2133 | Sewer    | Noticed Purgy
  2148 | Sewer    | Killed Purgy
  2148 | Sewer    | Reached skill level 3 in Fighting
  2441 | D:3      | Reached XP level 6. HP: 36/42 MP: 10/10
  2500 | D:3      | Reached skill level 5 in Earth Magic
  2688 | D:4      | Found a white marble altar of Elyvilon.
  2688 | D:4      | Found a runed translucent door.
  2688 | D:4      | Noticed an angel
  2719 | D:4      | Found a radiant altar of Vehumet.
  2742 | D:5      | Entered Level 5 of the Dungeon
  2754 | D:5      | Reached skill level 4 in Fighting
  2966 | D:5      | Reached XP level 7. HP: 47/48 MP: 11/11
  3126 | D:5      | Learned a level 5 spell: Lee's Rapid Deconstruction
  3321 | D:5      | Found a bloodstained altar of Trog.
  3583 | D:5      | Reached skill level 5 in Fighting
  3709 | D:6      | Got a slimy hand axe
  3712 | D:6      | Identified the +11 hand axe of Wisdom {elec, rN+ Int-4
                  | Dex+2 SInv} (You found it on level 6 of the Dungeon)
  3811 | D:6      | Reached skill level 1 in Axes
  3811 | D:6      | Reached XP level 8. HP: 44/56 MP: 12/12
  3856 | D:6      | Found a hide-covered altar of Uskayaw.
  4310 | D:7      | Reached skill level 6 in Fighting
  4406 | D:7      | Noticed a spriggan baker
  4409 | D:7      | Killed a spriggan baker
  4409 | D:7      | Reached XP level 9. HP: 57/63 MP: 8/13
  4435 | D:7      | Found an iron altar of Okawaru.
  4435 | D:7      | Found a stormy altar of Qazlal.
  4502 | D:7      | Found a glowing golden altar of the Shining One.
  4606 | D:7      | Found a burning altar of Makhleb.
  4673 | D:7      | Found a staircase to the Ecumenical Temple.
  4681 | Temple   | Entered the Ecumenical Temple
  4692 | Temple   | Became a worshipper of Gozag Ym Sagoz the Greedy
  6108 | D:8      | Found a staircase to the Lair.
  6110 | D:8      | Noticed a komodo dragon
  6232 | D:8      | Noticed Prince Ribbit
  6238 | D:8      | Killed Prince Ribbit
  6256 | D:8      | Reached skill level 7 in Fighting
  6660 | D:8      | Noticed Grum
  6672 | D:8      | Killed Grum
  6684 | D:8      | Reached skill level 5 in Axes
  6744 | D:8      | Found Ducuifre's Magic Scroll Shop.
  6757 | D:8      | Bought a scroll of remove curse for 36 gold pieces
  6757 | D:8      | Bought a scroll of amnesia for 42 gold pieces
  6757 | D:8      | Bought a scroll of identify for 24 gold pieces
  7207 | D:9      | Found Mutuer Zaci's General Store.
  7215 | D:9      | Bought a scroll of blinking for 112 gold pieces
  7215 | D:9      | Bought the ring of Gooquod {rN+ Stlth+} for 430 gold pieces
  7317 | D:9      | Reached XP level 10. HP: 65/72 MP: 16/16
  7356 | D:9      | Reached skill level 8 in Fighting
  7427 | D:9      | Reached skill level 5 in Spellcasting
  7808 | D:10     | Entered Level 10 of the Dungeon
  7865 | D:10     | Noticed a two-headed ogre
  7875 | D:10     | Killed a two-headed ogre
  7882 | D:10     | Noticed a skeletal warrior
  8098 | D:10     | Reached skill level 9 in Fighting
  8491 | D:10     | Killed a skeletal warrior
  8491 | D:10     | Reached XP level 11. HP: 80/80 MP: 0/21
  9303 | D:11     | Reached skill level 10 in Fighting
  9615 | D:11     | You fall through a shaft for 2 floors!
  9721 | D:13     | Noticed a manticore
  9732 | D:13     | Killed a manticore
  9819 | D:13     | Noticed a cyan ugly thing
  9829 | D:13     | Killed a cyan ugly thing
 10072 | D:11     | Found a staircase to the Orcish Mines.
 10392 | D:12     | Noticed Sonja
 10449 | D:12     | Cast into level 2 of the Abyss (Sonja)
 10468 | Abyss:2  | Noticed a starcursed mass
 10478 | Abyss:2  | Noticed a worldbinder
 10487 | Abyss:2  | Killed a starcursed mass
 10490 | Abyss:2  | Killed a starcursed mass
 10490 | Abyss:2  | Reached XP level 12. HP: 43/89 MP: 22/24
 10542 | Abyss:2  | Noticed a deep elf demonologist
 10579 | Abyss:2  | Noticed a green death
 10601 | D:12     | Escaped the Abyss
 10608 | D:12     | Killed Sonja
 10608 | D:12     | Reached skill level 11 in Fighting
 10653 | D:12     | Found a blossoming altar of Fedhas.
 11238 | D:9      | Bought a potion of berserk rage for 75 gold pieces
 11335 | Lair:1   | Entered Level 1 of the Lair of Beasts
 11387 | Lair:1   | Reached skill level 10 in Axes
 11798 | Lair:2   | Noticed a five-headed hydra
 11805 | Lair:2   | Killed a five-headed hydra
 11909 | Lair:2   | Noticed a queen ant
 11927 | Lair:2   | Killed a queen ant
 11927 | Lair:2   | Reached skill level 12 in Fighting
 11942 | Lair:2   | Reached skill level 10 in Spellcasting
 11964 | Lair:2   | HP: 4/91 [soldier ant (9)]
 12074 | Lair:1   | Learned a level 1 spell: Confusing Touch
 12381 | Lair:1   | Reached skill level 1 in Hexes
 12816 | Lair:2   | Noticed an eight-headed hydra
 12823 | Lair:2   | Killed a nine-headed hydra
 12823 | Lair:2   | Reached XP level 13. HP: 42/98 MP: 11/27
 13148 | Lair:2   | Found a staircase to the Swamp.
 13917 | Lair:3   | Found a hole to the Spider Nest.
 14424 | Lair:4   | Noticed an ice dragon
 14447 | Lair:4   | Killed an ice dragon
 15218 | Lair:4   | Reached skill level 13 in Fighting
 15759 | Lair:5   | Reached skill level 5 in Hexes
 15930 | Lair:5   | Found a runed translucent door.
 15930 | Lair:5   | Found a viscous altar of Jiyva.
 15930 | Lair:5   | Found a staircase to the Slime Pits.
 15995 | Lair:5   | Learned a level 5 spell: Borgnjor's Vile Clutch
 16346 | Lair:6   | Entered Level 6 of the Lair of Beasts
 16355 | Lair:6   | Reached skill level 1 in Necromancy
 16768 | Lair:6   | Reached XP level 14. HP: 106/106 MP: 29/29
 17579 | Orc:1    | Entered Level 1 of the Orcish Mines
 17885 | Orc:2    | Entered Level 2 of the Orcish Mines
 18066 | Orc:2    | Found a staircase to the Elven Halls.
 18342 | Orc:2    | Found Lastitop's Magic Scroll Shoppe.
 18343 | Orc:2    | Found Ylapen's General Store.
 19021 | Orc:2    | Bought a scroll of identify for 32 gold pieces
 19021 | Orc:2    | Bought a scroll of identify for 32 gold pieces
 19021 | Orc:2    | Bought a scroll of blinking for 120 gold pieces
 19021 | Orc:2    | Bought a scroll of blinking for 120 gold pieces
 19021 | Orc:2    | Bought a scroll of identify for 32 gold pieces
 19077 | Orc:2    | Bought a potion of heal wounds for 70 gold pieces
 19336 | Orc:2    | Reached skill level 5 in Necromancy
 19364 | Orc:2    | Reached skill level 14 in Fighting
 19512 | Orc:2    | HP: 1/108 [sixfirhy[an orc high priest] (12)]
 19868 | Orc:2    | Found Viblaic's Antique Armour Boutique.
 19868 | Orc:2    | Found Useraip's Book Shop.
 19868 | Orc:2    | Found a one-way gate leading to the halls of Pandemonium.
 20498 | D:13     | Found a gate to the Vaults.
 20928 | D:13     | Slain by a ten-headed hydra

Skill      XL: |  1  2  3  4  5  6  7  8  9 10 11 12 13 14 |
---------------+-------------------------------------------+-----
Spellcasting   | 3 4 6 8 10 11 | 11.7
Fighting       | 1 2 3 4 5 6 7 9 10 12 13 14 | 14.7
Earth Magic    | 4 5 6 8 9 |  9.0
Axes           | 1 3 5 7 9 10 11 12 | 12.0
Hexes          | 1 5 |  5.0
Necromancy     | 2 7 |  7.0
Dodging        | |  2.0
Stealth        | |  2.6
Transmutations | |  1.0

Action                   |  1- 3 |  4- 6 |  7- 9 | 10-12 | 13-15 || total
-------------------------+-------+-------+-------+-------+-------++-------
Melee: Short sword       |    93 |   102 |    43 |       |       ||   238
       Unarmed           |     6 |       |       |       |       ||     6
       Constrict         |    23 |    26 |    32 |    55 |    93 ||   229
       Tentacles         |     8 |    17 |    18 |    70 |   126 ||   239
       Hand axe          |       |       |   144 |   451 |   656 ||  1251
 Fire: Blowgun           |       |       |       |     1 |       ||     1
 Cast: Sandblast         |     8 |    32 |    29 |    24 |    12 ||   105
       Lee's Rapid Decon |       |       |     2 |    27 |    41 ||    70
       Passwall          |       |       |       |     2 |       ||     2
       Confusing Touch   |       |       |       |       |     1 ||     1
       Borgnjor's Vile C |       |       |       |       |    11 ||    11
Invok: Potion Petition   |       |       |       |     2 |     2 ||     4
       Call Merchant     |       |       |       |       |     2 ||     2
Evoke: Wand              |       |       |       |     2 |       ||     2
       Lightning rod     |       |       |       |       |     4 ||     4
  Use: Scroll            |       |     4 |     9 |     8 |    17 ||    38
       Potion            |       |       |       |     8 |     5 ||    13
 Stab: Sleeping          |    10 |    11 |    15 |    17 |    15 ||    68
       Distracted        |       |       |     2 |     3 |    10 ||    15
       Invisible         |       |       |       |       |     5 ||     5
  Eat: Chunk             |     2 |     4 |     7 |       |       ||    13
       Ration            |       |       |     3 |     8 |    11 ||    22
Armor: Skin              |    22 |    16 |    27 |    48 |    51 ||   164
Dodge: Dodged            |    69 |    40 |    88 |   205 |   347 ||   749
